 Dungeon Crawl Stone Soup version 0.20-a0-1006-ge6c5631 (webtiles) character file.

30 Lifeless the Magician (level 3, 0/25 HPs)
             Began as a Human Wanderer on Apr 13, 2017.
             Slain by a quokka (2 damage)
             ... on level 2 of the Dungeon.
             The game lasted 00:06:35 (1881 turns).

Lifeless the Magician (Human Wanderer)              Turns: 1881, Time: 00:06:36

Health: 0/25       AC:  3    Str: 10    XL:     3   Next: 37%
Magic:  1/7        EV: 12    Int: 12    God:
Gold:   33         SH:  0    Dex: 15    Spells: 7/8 levels left

rFire    . . .     SeeInvis .   e - +0 dagger
rCold    . . .     Gourm    .   (no shield)
rNeg     . . .     Faith    .   d - +1 robe
rPois    .         Spirit   .   (no helmet)
rElec    .         Reflect  .   (no cloak)
rCorr    .         Harm     .   (no gloves)
MR       .....                  (no boots)
Stlth    ++........             (no amulet)
Regen    0.1/turn               (no ring)
MPRegen  0.1/turn               (no ring)

@: no status effects
A: no striking features
a: no special abilities


You were on level 2 of the Dungeon.
You were not hungry.

You visited 1 branch of the dungeon, and saw 2 of its levels.

You collected 33 gold pieces.

Inventory:

Hand Weapons
 e - a +0 dagger (weapon)
Armour
 d - a +1 robe (worn)
Scrolls
 g - 2 scrolls of fog
Potions
 c - a potion of lignification
 h - a potion of resistance {unknown}
 i - a potion of curing {unknown}
 j - 2 potions of experience {unknown}
 k - 2 potions of flight {unknown}
Books
 a - a book of Minor Magic

   Spells                             Type                      Level
   a - Magic Dart                     Conjuration                  1
   b - Blink                          Translocation                2
   c - Call Imp                       Summoning                    2
   d - Slow                           Hexes                        2
   e - Conjure Flame                  Conjuration/Fire             3
   f - Mephitic Cloud                 Conjuration/Poison/Air       3
 b - the Reference Book on Displacement

   Spells                             Type                      Level
   a - Apportation                    Translocation                1
   b - Portal Projectile              Hexes/Translocation          3
Comestibles
 f - a bread ration
 l - a chunk of flesh


   Skills:
 + Level 0.4 Fighting
 + Level 1.2 Short Blades
   Level 1.0 Staves
 + Level 2.0 Dodging
 + Level 1.8 Stealth
   Level 1.0 Shields
 + Level 3.0 Spellcasting
   Level 1.0 Charms
   Level 1.0 Ice Magic
   Level 1.0 Evocations


You had 7 spell levels left.
You knew the following spells:

 Your Spells              Type           Power        Failure   Level  Hunger
a - Magic Dart            Conj           #...         28%         1    #......


Dungeon Overview and Level Annotations

Branches:
Dungeon (2/15)

Altars:


Message History

The worm misses you.
You hit the worm.
The worm is severely wounded.
The quokka barely misses you.
You hit the worm.
The worm is almost dead.
The quokka closely misses you. The worm bites you.
* * * LOW HITPOINT WARNING * * *
You hit the worm.
You kill the worm!
Your Dodging skill increases to level 2!
The quokka barely misses you. x2
You barely miss the kobold. The kobold barely misses you. The quokka bites you.
* * * LOW HITPOINT WARNING * * *
You hit the kobold but do no damage. The kobold hits you with a dagger.
* * * LOW HITPOINT WARNING * * *
The quokka closely misses you.
As you read the scroll of fog, it crumbles to dust.
The scroll dissolves into smoke.
The quokka bites you.
You die...

..# ......
##..####..$...
#.........#.#.
###...r.........
.... ...l..#.#.
#.. .........
..###.§###§...#.#.
..$...wK@rr.......
....#######.#.#.#.
# .# ... ## #


You could see a dart slug, 2 quokkas and a kobold.

Vanquished Creatures
  A worm (D:2)
  A dart slug (D:1)
  A leopard gecko (D:1)
  3 goblins (D:1)
  4 hobgoblins (D:1)
  3 jackals (D:1)
  4 kobolds (D:1)
  A bat (D:1)
  A frilled lizard (D:1)
  3 rats
22 creatures vanquished.

Notes
Turn   | Place    | Note
-------+----------+-------------------------------------------
     0 | D:1      | Lifeless the Human Wanderer began the quest for the Orb.
     0 | D:1      | Lifeless set off with: a book of Minor Magic, the Reference Book on Displacement, a potion of lignification, a +0 robe, a +0 dagger, a bread ration
     0 | D:1      | Reached XP level 1. HP: 13/13 MP: 4/4
     0 | D:1      | Identified the Reference Book on Displacement
   546 | D:1      | Reached XP level 2. HP: 2/19 MP: 6/6
   865 | D:1      | Learned a level 1 spell: Magic Dart
  1320 | D:1      | Reached skill level 1 in Short Blades
  1522 | D:1      | Reached XP level 3. HP: 21/24 MP: 7/7
  1880 | D:2      | HP: 1/25 [kobold/dagger (1)]
  1881 | D:2      | Slain by a quokka

Vault maps used:
D:1:      sevenhm_arrival_forest_fort_large_4
D:2:      lemuel_doored_altar, serial_park_tiny_pond, glass_columns_c,
          minmay_tromino_v4_b

Skill      XL: |  1  2  3 |
---------------+----------+-----
Short Blades   | 1 |  1.2
Dodging        | 2 |  2.0
Fighting       | |  0.4
Staves         | |  1.0
Stealth        | |  1.8
Shields        | |  1.0
Spellcasting   | |  3.0
Charms         | |  1.0
Ice Magic      | |  1.0
Evocations     | |  1.0

Action                   || total
-------------------------++-------
Melee: Dagger            ||    86
 Cast: Magic Dart        ||    16
  Use: Potion            ||     1
       Scroll            ||     4
 Stab: Sleeping          ||     2
  Eat: Chunk             ||     3
Armor: Robe              ||     8
       Skin              ||     1
Dodge: Dodged            ||    69
